 Dungeon Crawl Stone Soup version 0.27.1-33-g824d729ab1 (webtiles) character file.

Game seed: 2764297115373635652

70 Kallu the Chopper (level 4, -1/41 HPs)
             Began as a Hill Orc Abyssal Knight on Nov 30, 2021.
             Was a Believer of Lugonu.
             Killed by divine providence
             ... invoked by an orc priest
              (14 damage)
             ... on level 3 of the Dungeon.
             The game lasted 00:04:43 (2873 turns).

Kallu the Chopper (Hill Orc Abyssal Knight)         Turns: 2873, Time: 00:04:45

Health: -1/41      AC: 11    Str: 14    XL:     4   Next: 22%
Magic:  5/5        EV:  4    Int: 12    God:    Lugonu [**....]
Gold:   115        SH:  5    Dex: 11    Spells: 3/3 levels left

rFire    . . .     SeeInvis .   a - +1 hand axe
rCold    . . .     Faith    .   (no shield)
rNeg     . . .     Spirit   .   d - +0 plate armour
rPois    .         Reflect  +   (no helmet)
rElec    .         Harm     .   (no cloak)
rCorr    .         Rampage  .   (no gloves)
Will     .....                  (no boots)
Stlth    ..........             i - amulet of reflection
HPRegen  0.13/turn              (no ring)
MPRegen  0.09/turn              (no ring)

@: no status effects
A: no striking features
a: Renounce Religion, Convert to Beogh, Depart the Abyss, Bend Space


You were on level 3 of the Dungeon.
You worshipped Lugonu.
Lugonu was pleased with you.
You visited 1 branch of the dungeon, and saw 3 of its levels.
You visited the Abyss 1 time.

You collected 115 gold pieces.

Inventory:

Hand Weapons
 a - a +1 hand axe (weapon)
Armour
 d - a +0 plate armour (worn)
Jewellery
 i - an amulet of reflection (around neck)
 m - a ring of willpower
 q - a ring of protection from fire
 r - a ring of see invisible
Scrolls
 b - 3 scrolls of teleportation {unknown}
 c - a scroll of noise {unknown}
 e - 2 scrolls of identify {unknown}
 f - a scroll of summoning {unknown}
 j - a scroll of acquirement {unknown}
 k - a scroll of vulnerability {unknown}
 o - a scroll of immolation {unknown}
 p - a scroll of torment {unknown}
Potions
 g - a potion of cancellation {unknown}
 h - a potion of might {unknown}
 l - 2 potions of attraction {unknown}
 n - a potion of heal wounds {unknown}


   Skills:
 - Level 4.3 Fighting
 * Level 5.0 Axes
 + Level 2.4 Armour
 - Level 0.7 Dodging
 - Level 2.4 Invocations


You had 3 spell levels left.
You didn't know any spells.
Your spell library was empty.

Dungeon Overview and Level Annotations

Branches:
Dungeon (3/15)

Altars:


Message History

You barely miss the orc priest.
The orc priest calls down the wrath of Beogh upon you.
Pain shoots through your body!
You hit the orc priest.
The orc priest is moderately wounded.
An orc comes into view. It is wielding a +0 mace.
The orc priest barely misses you.
You closely miss the orc priest.
The orc priest shouts, "Surrender to Beogh and we'll let you live!"
The orc priest is moderately wounded.
The orc shouts!
You hit the orc.
The orc priest calls upon Beogh to heal the orc.
The orc's wounds heal themselves!
You block the orc's attack.
You barely miss the orc priest.
The orc priest is moderately wounded.
Your plate armour prevents you from hitting the orc.
The orc priest shouts, "Beogh is our master!
Accept the truth or die!"
The orc priest shouts, "Join the one true god or die!"
The orc priest barely misses you. The orc hits you with a +0 club.
You hit the orc priest.
The orc priest is heavily wounded.
You closely miss the orc.
The orc priest invokes the aid of Beogh against you.
Beogh smites you! The orc hits you but does no damage.
Unknown command.
You barely miss the orc priest.
The orc priest is heavily wounded.
You hit the orc.
The orc priest hits you but does no damage.
The orc hits you but does no damage.
You aren't carrying any items that you can evoke.
You closely miss the orc priest.
The orc priest is heavily wounded.
You hit the orc.
You kill the orc!
Lugonu accepts your kill.
The orc priest mumbles some strange prayers to Beogh against you.
Beogh smites you!
You die...

.........†...
........<....
........#....
#########..#.
############..#.
................
##............####
#oo##########....> #@#
###.####
#####.#########...####
#.........#......)....
#...........###.......
#.........### #.......
#.........# #.......
########### #.......
#........ #........


You could see an orc priest and an orc.

Vanquished Creatures
  2 adders
  A worm (D:3)
  3 dart slugs
  An orc (D:3)
  3 endoplasms (D:2)
  2 giant cockroaches
  10 goblins
  A hobgoblin (D:1)
  6 kobolds
  A quokka (D:2)
  6 bats
  2 frilled lizards
  5 rats
43 creatures vanquished.

Notes
Turn   | Place    | Note
-------+----------+-------------------------------------------
     0 | Abyss:1  | Kallu the Hill Orc Abyssal Knight began the quest for the
                  | Orb.
     0 | Abyss:1  | Reached XP level 1. HP: 19/19 MP: 2/2
    62 | D:1      | Escaped the Abyss
   148 | D:1      | Reached skill level 3 in Axes
   174 | D:1      | Reached XP level 2. HP: 19/27 MP: 3/3
   837 | D:1      | Found a faded altar of an unknown god.
  1135 | D:1      | Reached skill level 4 in Axes
  1506 | D:2      | Reached XP level 3. HP: 23/33 MP: 4/4
  1797 | D:2      | Reached ** piety under Lugonu
  2660 | D:3      | Reached XP level 4. HP: 41/41 MP: 5/5
  2674 | D:3      | Reached skill level 5 in Axes
  2873 | D:3      | Killed from afar by an orc priest

Illustrated notes

Levels and vault maps discovered:
D:1:      dpeg_arrival_renting, layout_basic, basic_ecumenical_altar,
          supply_closet_lemuel, nrook_campfire, minmay_cut_off
D:2:      layout_basic, minivault_27, minivault_25
D:3:      cheibrodos_old_hovel, layout_rooms, cheibriados_altar_1,
          nicolae_qazlal_style_of_elements, minmay_misc_feat_four_crosses

Skill      XL: |  1  2  3  4 |
---------------+-------------+-----
Axes           | 3 4 5 |  5.0
Fighting       | 4 |  4.3
Armour         | |  2.4
Dodging        | |  0.7
Invocations    | |  2.4

Action                   |  1- 3 |  4- 6 || total
-------------------------+-------+-------++-------
Melee: Hand axe          |   133 |    29 ||   162
Armor: Leather armour    |    35 |       ||    35
       Plate armour      |    18 |    10 ||    28
Dodge: Dodged            |    64 |     3 ||    67
Block: Other             |    26 |     6 ||    32
       Reflection        |       |     1 ||     1
